 Dungeon Crawl Stone Soup version 0.22-a0-605-g9281fa2 (webtiles) character file.

368 Hebeh the Chopper (level 6, -1/56 HPs)
             Began as a Minotaur Fighter on July 8, 2018.
             Slain by Grinder (3 damage)
             ... on level 3 of the Dungeon.
             The game lasted 00:06:16 (2061 turns).

Hebeh the Chopper (Minotaur Fighter)                Turns: 2061, Time: 00:06:18

Health: -1/56      AC: 12    Str: 22    XL:     6   Next: 41%
Magic:  5/5        EV:  4    Int:  5    God:
Gold:   121        SH: 10    Dex: 10    Spells: 5/5 levels left

rFire    . . .     SeeInvis .   g - -3 whip (curse)
rCold    . . .     Gourm    .   c - +0 shield
rNeg     . . .     Faith    .   l - +0 plate armour
rPois    .         Spirit   .   (helmet restricted)
rElec    .         Reflect  .   (no cloak)
rCorr    .         Harm     .   (no gloves)
MR       .....                  (no boots)
Stlth    ..........             (no amulet)
HPRegen  0.18/turn              h - ring of stealth
MPRegen  0.09/turn              (no ring)

@: no status effects
A: retaliatory headbutt, horns 2
a: no special abilities


You were on level 3 of the Dungeon.
You were not hungry.

You visited 1 branch of the dungeon, and saw 3 of its levels.

You collected 121 gold pieces.

Inventory:

Hand Weapons
 a - a +0 war axe
 e - a +2 flail of crushing
 g - a cursed -3 whip (weapon)
Armour
 b - a +0 scale mail
 c - a +0 shield (worn)
 l - a +0 plate armour (worn)
Jewellery
 h - a ring of stealth (left hand)
Scrolls
 m - a scroll of identify
 o - a scroll of enchant weapon {unknown}
Potions
 d - 2 potions of might
 i - a potion of agility {unknown}
 j - 2 potions of heal wounds {unknown}
 k - a potion of degeneration {unknown}
Comestibles
 f - 3 rations
 n - 2 chunks of flesh


   Skills:
 + Level 5.0 Fighting
 * Level 5.5 Axes
 + Level 5.0 Armour
 + Level 5.1 Shields


You had 5 spell levels left.
You didn't know any spells.
Your spell library contained the following spells:

 Spells                   Type           Power        Failure   Level  Hunger
 Magic Dart               Conj           #...         100%        1    ##.....
 Conjure Flame            Conj/Fire      #.......     100%        3    ####...
 Slow                     Hex            #.......     100%        2    ###....
 Confuse                  Hex            #.......     100%        3    ####...
 Mephitic Cloud           Conj/Pois/Air  #.......     100%        3    ####...
 Blink                    Tloc           N/A          100%        2    ###....
 Call Imp                 Summ           #.......     100%        2    ###....
 Tukima's Dance           Hex            #.......     100%        3    ####...
 Ensorcelled Hibernation  Hex/Ice        #.....       100%        2    ###....
 Corona                   Hex            #......      100%        1    ##.....
 Dazzling Spray           Conj/Hex       #.....       100%        3    ####...


Dungeon Overview and Level Annotations

Branches:
Dungeon (3/15)

Altars:
Ashenzari
Dithmenos

Annotations:
D:3 Grinder


Innate Abilities, Weirdness & Mutations

You reflexively headbutt those who attack you in melee.
You have a pair of horns on your head.


Message History

The hobgoblin hits you but does no damage.
You feel sick.
You are no longer poisoned.
Grinder hits you but does no damage.
The hobgoblin hits you but does no damage.
You can move again.
You are too injured to fight recklessly!
Unknown command.
You are too injured to fight recklessly!
Unknown command.
You are too injured to fight recklessly!
Unknown command.
You are too injured to fight recklessly!
Unknown command.
You are too injured to fight recklessly!
Unknown command.
You block Grinder's attack.
Grinder says, "Tell me all your secrets, or I'll kill you."
Grinder hits you.
You die...

......##....##.......#...
.....#.##..##.#......#..(
....#.#.#..#.#.#.......(.
....##)#(...#.##......(..
..#.##).†...##.#...)....
#.#..........#.#..##...
..##............##.. #...
.#.....5g.........#. #...
........@........... #)..
###....######.###### #...
#.### .# #####... ... #
#....).. .## ..........
##..##.#.. ... ...#..
##..##.... . #.#..


You could see Grinder and a hobgoblin.

Vanquished Creatures
  Sigmund (D:2)
  Terence (D:2)
  Jessica (D:2)
  Natasha (thrice) (D:2)
  An adder (D:3)
  An adder zombie (D:3)
  3 worms
  2 dart slugs
  2 leopard geckos
  An orc (D:3)
  7 bats
  6 giant cockroaches
  3 goblins
  12 hobgoblins
  7 kobolds
  3 quokkas
  A frilled lizard (D:1)
  2 rats
57 creatures vanquished.

Notes
Turn   | Place    | Note
-------+----------+-------------------------------------------
     0 | D:1      | Hebeh the Minotaur Fighter began the quest for the Orb.
     0 | D:1      | Reached XP level 1. HP: 19/19 MP: 0/0
    34 | D:1      | Found a shattered altar of Ashenzari.
   100 | D:1      | Reached XP level 2. HP: 26/27 MP: 1/1
   763 | D:2      | Reached XP level 3. HP: 18/33 MP: 2/2
   995 | D:2      | Noticed Jessica
  1000 | D:2      | Killed Jessica
  1054 | D:2      | Reached XP level 4. HP: 39/40 MP: 3/3
  1062 | D:2      | Noticed Natasha
  1067 | D:2      | Killed Natasha
  1092 | D:2      | Noticed Natasha
  1104 | D:2      | Killed Natasha
  1339 | D:2      | Noticed Sigmund
  1351 | D:2      | Killed Sigmund
  1351 | D:2      | Reached skill level 5 in Axes
  1351 | D:2      | Reached XP level 5. HP: 24/47 MP: 4/4
  1351 | D:2      | Reached XP level 6. HP: 29/55 MP: 5/5
  1370 | D:2      | Noticed Terence
  1381 | D:2      | Killed Terence
  1382 | D:2      | Noticed Natasha
  1387 | D:2      | Killed Natasha
  1387 | D:2      | Reached skill level 5 in Fighting
  1614 | D:2      | Found a shadowy altar of Dithmenos.
  1869 | D:3      | Reached skill level 5 in Armour
  1869 | D:3      | Reached skill level 5 in Shields
  2020 | D:3      | Noticed Grinder
  2041 | D:3      | Paralysed by Grinder for 5 turns
  2051 | D:3      | Paralysed by Grinder for 6 turns
  2055 | D:3      | HP: 2/56 [Grinder (2)]
  2061 | D:3      | Slain by Grinder

Vault maps used:
D:1:      onia_arrival_mini_spirals, ashenzari_altar_1
D:2:      old_standard_altar, minivault_25, uniq_jessica, uniq_terence,
          uniq_natasha, uniq_sigmund
D:3:      nicolae_overflow_crystal_walls, first_ration,
          minmay_misc_feat_secret_circle, uniq_grinder

Skill      XL: |  1  2  3  4  5  6 |
---------------+-------------------+-----
Axes           | 3 5 |  5.5
Fighting       | 4 5 |  5.0
Armour         | 4 5 |  5.0
Shields        | 4 5 |  5.1

Action                   |  1- 3 |  4- 6 || total
-------------------------+-------+-------++-------
Melee: War axe           |    73 |    39 ||   112
       Headbutt          |    12 |    25 ||    37
       Whip              |       |    88 ||    88
  Use: Scroll            |       |     3 ||     3
  Eat: Chunk             |     1 |     3 ||     4
Armor: Scale mail        |    20 |       ||    20
       Plate armour      |    12 |    74 ||    86
Dodge: Dodged            |    11 |    24 ||    35
Block: Shield            |    47 |    58 ||   105

Table legend:
 A = Spawn XP
 B = Non-spawn XP
 C = Spawn XP percentage of total XP
 D = Spawn monster count
 E = Non-spawn monster count
 F = Spawn count percentage of total count
 G = Total turns spent on level
                    A         B        C        D         E        F      G
               +---------+---------+-------+---------+---------+-------+---------
         Total |       0 |     526 |   0.0 |       0 |      57 |   0.0 |  2061
               +---------+---------+-------+---------+---------+-------+---------
           D:1 |       0 |      33 |   0.0 |       0 |      18 |   0.0 |   711
           D:2 |       0 |     441 |   0.0 |       0 |      22 |   0.0 |  1138
           D:3 |       0 |      52 |   0.0 |       0 |      17 |   0.0 |   212
               +---------+---------+-------+---------+---------+-------+---------
